Map: At Eternity's Edge LE

Players

RipNHammer

  • Race: Terran Terran
  • League: Master
  • Spawn Location: 11:00

llllllllllll - Winner!

  • Race: Terran Terran
  • League: Master
  • Spawn Location: 5:00

VOD

Have the link to the VOD?

Description

Time

  • Played on: Sept. 6, 2026, 12:24 p.m.
  • Length: 10:20
Show
View Real Time Build Order
Export as new Build Order

RipNHammer Terran 

Build Orders: Mech 

Get SALT Encoding   

  8  0:00  SCV  
  9  0:12  SCV  
  10  0:24  SCV  
  11  0:36  SCV  
  11  0:39  Supply Depot  
  12  0:49  SCV  
  13  1:01  SCV  
  13  1:03  Barracks  
  14  1:06  Refinery  
  14  1:13  SCV  
  14  1:17  Refinery  
  15  1:25  SCV  
  16  1:37  SCV  
  17  1:50  Reaper, Orbital Command  
  18  2:09  Factory  
  18  2:17  SCV  
  19  2:24  Reaper  
  19  2:32  SCV  
  20  2:39  Supply Depot  
  21  2:44  SCV  
  21  2:55  Command Center  
  21  3:01  Hellion  
  23  3:10  Marine  
  23  3:11  SCV  
  24  3:13  Starport  
  24  3:23  SCV  
  25  3:34  Marine, Hellion  
  25  3:35  SCV  
  25  3:47  SCV  
  24  3:54  Marine  
  23  3:59  SCV  
  23  4:06  Factory Tech Lab, Starport Tech Lab  
  22  4:11  SCV  
  22  4:16  Orbital Command  
  23  4:23  SCV  
  24  4:30  Cyclone  
  27  4:35  SCV  
  27  4:38  Raven  
  30  4:42  Barracks Reactor  
  30  4:43  SCV  
  31  4:48  Interference Matrix  
  31  4:49  SCV  
  32  4:55  SCV  
  32  4:58  Supply Depot  
  33  5:01  SCV  
  33  5:05  Siege Tank  
  37  5:07  Refinery  
  37  5:10  SCV  
  38  5:14  Raven  
  38  5:15  SCV  
  38  5:19  Marine x2  
  43  5:23  SCV  
  43  5:24  Refinery  
  44  5:30  SCV  
  44  5:35  SCV  
  46  5:36  Supply Depot  
  46  5:37  Siege Tank  
  49  5:45  SCV  
  50  5:52  Supply Depot  
  50  5:57  SCV  
  50  6:00  SCV  
  52  6:09  SCV  
  51  6:12  Command Center  
  51  6:14  Siege Tank  
  51  6:16  SCV  
  55  6:21  SCV  
  55  6:23  Raven  
  58  6:26  Supply Depot  
  58  6:29  SCV  
  59  6:34  SCV  
  60  6:40  Factory  
  60  6:41  SCV  
  60  6:43  Supply Depot  
  60  6:46  SCV  
  62  6:48  Siege Tank  
  62  6:53  Marine  
  62  6:54  Marine  
  67  6:56  SCV  
  67  6:57  Raven  
  67  6:58  Supply Depot  
  70  7:07  SCV  
  71  7:08  SCV  
  72  7:16  Factory  
  72  7:19  SCV  
  72  7:20  Siege Tank  
  72  7:21  SCV  
  77  7:25  Orbital Command  
  77  7:28  Factory Tech Lab  
  77  7:32  Supply Depot  
  76  7:40  Siege Tank  
  76  7:42  Mag-Field Accelerator  
  76  7:43  SCV x2  
  81  7:48  Viking  
  81  7:49  Viking  
  85  7:52  SCV  
  85  7:55  SCV  
  85  7:56  SCV  
  88  8:05  SCV  
  88  8:07  Cyclone  
  88  8:09  Factory Tech Lab  
  88  8:10  Factory  
  91  8:18  Cyclone  
  94  8:20  SCV x2  
  94  8:21  SCV  
  94  8:23  Viking  
  99  8:32  SCV  
  99  8:34  SCV  
  91  8:36  SCV  
  91  8:37  Viking  
  94  8:53  Viking  
  96  8:59  SCV x2  
  96  9:00  Cyclone x2, Factory Tech Lab  
  104  9:11  SCV  
  104  9:13  Cyclone  
  104  9:14  Viking  
  110  9:19  Supply Depot  
  110  9:20  Supply Depot  
  110  9:21  Supply Depot  
  110  9:29  Supply Depot  
  110  9:30  SCV  
  111  9:33  Command Center  
  111  9:41  Command Center  
  111  9:46  SCV  
  111  9:50  Command Center  
  112  9:55  Factory  
Show
View Real Time Build Order
Export as new Build Order

llllllllllll Terran - Winner!

Build Orders: Mech 

Get SALT Encoding   

  8  0:00  SCV  
  9  0:12  SCV  
  10  0:24  SCV  
  11  0:37  SCV  
  11  0:40  Supply Depot  
  12  0:49  SCV  
  13  1:02  SCV, Barracks  
  14  1:06  Refinery  
  14  1:14  SCV  
  14  1:15  Refinery  
  15  1:26  SCV  
  16  1:38  SCV  
  17  1:49  Reaper  
  17  1:50  Orbital Command  
  18  2:04  Factory  
  18  2:10  Supply Depot  
  18  2:16  SCV  
  19  2:23  Reaper  
  20  2:30  SCV  
  21  2:45  Command Center  
  21  2:47  SCV  
  21  2:51  Factory Tech Lab  
  22  3:04  SCV  
  23  3:06  Supply Depot  
  23  3:10  Cyclone  
  26  3:16  SCV  
  27  3:21  Barracks Reactor  
  26  3:28  SCV  
  27  3:40  SCV  
  28  3:43  Cyclone  
  31  3:52  SCV  
  31  4:05  SCV  
  31  4:07  Marine x2  
  33  4:11  Starport  
  33  4:17  SCV  
  34  4:23  Factory Tech Lab  
  34  4:24  Marine  
  34  4:25  Marine  
  34  4:29  SCV  
  34  4:30  Supply Depot  
  37  4:43  Refinery  
  37  4:44  SCV  
  37  4:45  Orbital Command  
  38  4:46  Siege Tank  
  38  4:49  Marine x2  
  43  4:55  Raven, Interference Matrix  
  43  4:57  SCV  
  46  5:05  Supply Depot  
  46  5:07  Marine x2  
  46  5:09  SCV  
  46  5:12  SCV  
  50  5:18  Siege Tank  
  50  5:21  SCV  
  54  5:22  Supply Depot  
  54  5:27  Marine  
  54  5:28  Marine  
  56  5:30  Raven, SCV  
  56  5:35  SCV  
  60  5:49  SCV  
  62  5:50  SCV, Siege Tank  
  62  5:51  Command Center  
  62  5:56  Supply Depot  
  65  5:58  Refinery  
  65  6:01  SCV  
  65  6:03  Marine  
  69  6:04  Raven  
  69  6:05  Marine  
  70  6:13  SCV x2  
  72  6:24  Siege Tank  
  72  6:25  SCV  
  78  6:29  SCV  
  77  6:35  Barracks Reactor  
  77  6:37  SCV  
  78  6:41  SCV  
  79  6:47  Engineering Bay, Supply Depot  
  79  6:49  Factory  
  79  6:50  Factory  
  79  6:51  Supply Depot  
  79  6:57  Viking  
  81  7:02  SCV  
  81  7:03  Viking, SCV  
  81  7:07  Orbital Command  
  85  7:14  SCV  
  86  7:23  Siege Tank  
  86  7:24  SCV  
  86  7:26  SCV  
  91  7:30  Viking  
  91  7:32  SCV  
  91  7:33  Viking  
  91  7:36  SCV  
  97  7:40  Siege Tank  
  97  7:43  SCV  
  101  7:44  SCV  
  101  7:47  Supply Depot  
  101  7:48  Supply Depot  
  102  7:55  Hellion  
  102  7:56  Hellion, SCV x3  
  109  8:05  Viking  
  110  8:08  SCV  
  110  8:09  Viking  
  110  8:11  SCV x2  
  115  8:20  Missile Turret  
  115  8:21  Missile Turret  
  115  8:22  Missile Turret  
  115  8:24  Missile Turret  
  106  8:35  Viking, Siege Tank  
  106  8:36  Siege Tank, Hellion  
  116  8:42  SCV x3  
  116  8:44  Refinery x2  
  116  8:46  Supply Depot  
  119  8:54  SCV x2  
  121  8:56  Viking  
  121  9:00  SCV  
  124  9:04  Factory x2  
  124  9:06  SCV  
  125  9:10  Command Center  
  125  9:17  Supply Depot  
  125  9:18  Supply Depot  
  125  9:19  Siege Tank, Viking  
  125  9:23  SCV x3  
  133  9:35  SCV x2  
  138  9:38  Siege Tank  
  138  9:42  Viking  
  138  9:43  SCV  
  141  9:47  SCV x2  
  141  9:49  Viking  
  148  9:53  Supply Depot  
  148  9:56  SCV, Supply Depot  
Tags
 
Composition
MechMech
Matchup
TvT
Race
Terran
Replay Pack
RipNHammer
Spawn Locations
Cross Positions
Add a new tag
Caveats
  • Supply blocks, unpowered buildings, or Contaminate may cause inaccurate times.
  • Supply counts are checked every 10 seconds.